[Event "Friday Night Double Round Robin 3m+1s Starts at 2200hrs ST NO LATE JOINS POSS"]
[Site "Infinity Chess"]
[Date "2018.1.19"]
[Round "9"]
[White "Deep SKY"]
[Black "Gilgamesch"]
[Result "1/2-1/2"]
[ECO "C65"]
[WhiteElo "2505"]
[BlackElo "2539"]
[WhiteEngine "BrainFish_180106_x64_CTG"]
[BlackEngine "BrainFish_171005_x64_bmi2"]
[EventType "Round Robin"]
[WhiteTeam ""]
[BlackTeam ""]
[PlyCount "143"]
[TimeControl "180+1"]

1. e4 e5 2. Nf3 Nc6 3. Bb5 Nf6 4. Nc3 Nd4 5. Bc4 Bc5 6. Nxe5 Qe7 7. Nd3 d5 
8. Bxd5 Bb6 9. f3 c6 10. Bc4 O-O 11. Nf2 Qc5 12. d3 Nb3 13. O-O Nxa1 
14. Bd2 Nxc2 15. Qxc2 Qd6 16. Ne2 Be6 17. Bxe6 fxe6 18. Qc4 Rfe8 19. Bb4 Qe5 
20. d4 Qb5 21. Qxb5 cxb5 22. Bc3 Red8 23. a3 Rac8 24. h4 Ne8 25. Nd3 Nd6 
26. Kh2 Nc4 27. Kg3 Kf7 28. Rb1 Ba5 29. Ne5+ Nxe5 30. Bxa5 b6 31. Bxb6 axb6 
32. dxe5 Rd2 33. Nf4 Rcc2 34. b3 Rb2 35. Rc1 Rbc2 36. Ra1 h6 37. h5 Ra2 
38. Rc1 Rac2 39. Ra1 Rc5 40. Ng6 Ke8 41. b4 Rc7 42. Nf4 Kd7 43. Kg4 Ra7 
44. Kg3 Rc7 45. Ng6 Rc8 46. Rh1 Rcc2 47. Rg1 Ra2 48. Nf8+ Ke7 49. Ng6+ Ke8 
50. Nf4 Kf7 51. Ng6 Rac2 52. Nf4 Rd8 53. Ra1 Rc3 54. Rh1 Rxa3 55. Rc1 Re8 
56. Rc6 Rb3 57. Rxb6 Rxb4 58. Rb7+ Re7 59. Rb8 Rb3 60. Rb6 Re8 61. Rb7+ Re7 
62. Rb8 Rb4 63. Rb6 Rb3 64. Rb8 Rb1 65. Ng6 Re8 66. Rb7+ Kg8 67. f4 Rb3+ 
68. Kf2 Rb2+ 69. Kf3 Rb3+ 70. Kf2 Rb2+ 71. Kf3 Rb3+ 72. Kf2 1/2-1/2

[Event "Friday Night Double Round Robin 3m+1s Starts at 2200hrs ST NO LATE JOINS POSS"]
[Site "Infinity Chess"]
[Date "2018.1.19"]
[Round "9"]
[White "ocirema"]
[Black "Victorious"]
[Result "1/2-1/2"]
[ECO "C77"]
[WhiteElo "2469"]
[BlackElo "2524"]
[WhiteEngine "stockfish_18011309_x64_modern_CTG"]
[BlackEngine "BugChess2.41_Release"]
[EventType "Round Robin"]
[WhiteTeam ""]
[BlackTeam ""]
[PlyCount "134"]
[TimeControl "180+1"]

1. e4 e5 2. Nf3 Nc6 3. Bb5 a6 4. Ba4 Nf6 5. O-O Be7 6. Re1 b5 7. Bb3 O-O 
8. a4 b4 9. c3 d6 10. a5 Rb8 11. Bc4 Nxe4 12. Bd5 Nxf2 13. Kxf2 Nxa5 14. cxb4 c6 
15. Ba2 Rxb4 16. d3 Qb6+ 17. Be3 Qb8 18. Nbd2 d5 19. Kg1 Rxb2 20. Bf2 Bd6 
21. Bg3 Bf5 22. Nxe5 Qb4 23. Nf1 f6 24. Nf3 Qb6+ 25. Kh1 Nb7 26. Bb1 Bb4 
27. Re3 Nd6 28. Qc1 Ba3 29. d4 Rxb1 30. Rxb1 Bxc1 31. Rxb6 Nc4 32. Reb3 Nxb6 
33. Rxb6 a5 34. Ra6 Bd3 35. Rxa5 Bxf1 36. Ra1 Bxg2+ 37. Kxg2 Bh6 38. Ra6 Rc8 
39. Nh4 g6 40. Kf3 Kf7 41. Ra7+ Kg8 42. Ng2 c5 43. Ne3 Bxe3 44. Kxe3 g5 
45. dxc5 Rxc5 46. Kd4 Rb5 47. Bc7 Rb1 48. Bd8 Rf1 49. Rd7 Rf2 50. Kxd5 Rd2+ 
51. Ke6 Rxd7 52. Kxd7 Kf7 53. h3 h5 54. Bc7 f5 55. Be5 f4 56. h4 f3 57. Bg3 Kf6 
58. Kd6 Kf5 59. Kd5 Kg4 60. hxg5 Kxg3 61. g6 f2 62. g7 Kh2 63. g8=Q f1=Q 
64. Qh8 Qf5+ 65. Kc4 Qe4+ 66. Kb5 h4 67. Qb2+ Kg3 1/2-1/2

[Event "Friday Night Double Round Robin 3m+1s Starts at 2200hrs ST NO LATE JOINS POSS"]
[Site "Infinity Chess"]
[Date "2018.1.19"]
[Round "9"]
[White "BraveDevil"]
[Black "OlivierEvan"]
[Result "1/2-1/2"]
[ECO "E10"]
[WhiteElo "2475"]
[BlackElo "2392"]
[WhiteEngine "Cryptic AIL V1"]
[BlackEngine "Houdini 6"]
[EventType "Round Robin"]
[WhiteTeam ""]
[BlackTeam ""]
[PlyCount "102"]
[TimeControl "180+1"]

1. d4 Nf6 2. c4 e6 3. Nf3 d5 4. Nc3 c6 5. Bg5 h6 6. Bh4 dxc4 7. e4 g5 8. Bg3 b5 
9. Ne5 Nbd7 10. Nxc6 Qb6 11. d5 Bb7 12. a4 a6 13. Be2 Bxc6 14. dxc6 Qxc6 
15. e5 Nd5 16. Nxd5 Qxd5 17. Qxd5 exd5 18. axb5 Bb4+ 19. Kd1 O-O 20. bxa6 Nc5 
21. Kc2 Nxa6 22. Rhd1 Be7 23. Kb1 Nb4 24. Rxa8 Rxa8 25. f3 Rb8 26. Be1 Kg7 
27. g3 Rb5 28. Bc3 Nc6 29. Kc2 Bb4 30. f4 Ne7 31. fxg5 hxg5 32. Rf1 Bxc3 
33. bxc3 Ra5 34. Kb1 Ra6 35. Bh5 f5 36. exf6+ Rxf6 37. Rf3 Rxf3 38. Bxf3 Kf6 
39. h4 Kf5 40. hxg5 Kxg5 41. Kb2 Kf5 42. Kc1 Kf6 43. g4 Ke5 44. Kd2 Ng6 
45. Kc1 Nh4 46. Bh1 Ng6 47. Bf3 d4 48. cxd4+ Kxd4 49. Kd2 Ne5 50. Bd1 Nd3 
51. Bc2 c3+ 1/2-1/2

[Event "Friday Night Double Round Robin 3m+1s Starts at 2200hrs ST NO LATE JOINS POSS"]
[Site "Infinity Chess"]
[Date "2018.1.19"]
[Round "8"]
[White "MGR"]
[Black "BraveDevil"]
[Result "1/2-1/2"]
[ECO "B90"]
[WhiteElo "2525"]
[BlackElo "2473"]
[WhiteEngine "asmFishW_2017-11-19_bmi2"]
[BlackEngine "Cryptic AIL V1"]
[EventType "Round Robin"]
[WhiteTeam ""]
[BlackTeam ""]
[PlyCount "83"]
[TimeControl "180+1"]

1. e4 c5 2. Nf3 d6 3. d4 cxd4 4. Nxd4 Nf6 5. Nc3 a6 6. Be3 e5 7. Nb3 Be7 
8. Be2 Be6 9. Qd3 Nc6 10. O-O O-O 11. a3 Rc8 12. Rfe1 Nd7 13. Rad1 b5 
14. Nd5 Bg5 15. Bxg5 Qxg5 16. Qd2 Qxd2 17. Rxd2 Rfd8 18. c4 bxc4 19. Bxc4 Bxd5 
20. Bxd5 Nb6 21. f3 Nxd5 22. Rxd5 Kf8 23. Rc1 Ke7 24. Rd3 Ke6 25. Rdc3 Ne7 
26. Rxc8 Rxc8 27. Rxc8 Nxc8 28. Kf2 Nb6 29. Na5 f5 30. exf5+ Kxf5 31. b4 Kf6 
32. Ke3 g5 33. Ke2 Kf5 34. Nc6 Ke6 35. Kd3 d5 36. Nb8 Nc4 37. Nxa6 Nxa3 
38. Nc7+ Kd6 39. Ne8+ Ke6 40. Nc7+ Kd6 41. Ne8+ Ke6 42. Nc7+ 1/2-1/2

[Event "Friday Night Double Round Robin 3m+1s Starts at 2200hrs ST NO LATE JOINS POSS"]
[Site "Infinity Chess"]
[Date "2018.1.19"]
[Round "8"]
[White "Victorious"]
[Black "RonWeasley"]
[Result "1/2-1/2"]
[ECO "E20"]
[WhiteElo "2525"]
[BlackElo "2503"]
[WhiteEngine "BugChess2.41_Release"]
[BlackEngine "BrainFish 130117_CTG"]
[EventType "Round Robin"]
[WhiteTeam ""]
[BlackTeam ""]
[PlyCount "96"]
[TimeControl "180+1"]

1. d4 Nf6 2. c4 e6 3. Nc3 d5 4. Bg5 dxc4 5. e3 c5 6. Bxc4 a6 7. Nf3 b5 
8. Bd3 Nbd7 9. Be4 Ra7 10. O-O Be7 11. dxc5 Nxc5 12. Qxd8+ Bxd8 13. Bc6+ Bd7 
14. Bxd7+ Rxd7 15. Ne5 Rc7 16. Rac1 O-O 17. Rfd1 h6 18. Bf4 b4 19. Ne2 Nd5 
20. Bg3 Ne4 21. Nd3 Rxc1 22. Rxc1 Bg5 23. Be5 f6 24. Bd4 e5 25. Bc5 Rd8 
26. Nxb4 Nxc5 27. Rd1 Rb8 28. Rxd5 Rxb4 29. Rxc5 Rxb2 30. Kf1 f5 31. g3 Rb1+ 
32. Kg2 Rb2 33. Nc3 Kh7 34. Rxe5 Bf6 35. Rc5 Bxc3 36. Rxc3 Rxa2 37. h4 Kg6 
38. Rc6+ Kh5 39. e4 fxe4 40. Kh3 Ra3 41. f4 a5 42. f5 Rf3 43. Ra6 e3 44. Rxa5 g5 
45. fxg6+ Kxg6 46. Ra2 Rf2 47. Rxf2 exf2 48. Kg2 h5 1/2-1/2

[Event "Friday Night Double Round Robin 3m+1s Starts at 2200hrs ST NO LATE JOINS POSS"]
[Site "Infinity Chess"]
[Date "2018.1.19"]
[Round "8"]
[White "Gilgamesch"]
[Black "ocirema"]
[Result "1/2-1/2"]
[ECO "B90"]
[WhiteElo "2542"]
[BlackElo "2466"]
[WhiteEngine "BrainFish_171005_x64_bmi2"]
[BlackEngine "stockfish_18011309_x64_modern_CTG"]
[EventType "Round Robin"]
[WhiteTeam ""]
[BlackTeam ""]
[PlyCount "160"]
[TimeControl "180+1"]

1. e4 c5 2. Nf3 d6 3. d4 cxd4 4. Nxd4 Nf6 5. Nc3 a6 6. Be3 e5 7. Nb3 Be6 
8. Be2 Be7 9. O-O O-O 10. Nd5 Nxd5 11. exd5 Bf5 12. c4 Nd7 13. Qd2 a5 
14. f4 exf4 15. Bxf4 Bg6 16. Nd4 Qb6 17. Kh1 Nc5 18. Nb5 Ne4 19. Qe3 Qxe3 
20. Bxe3 Bf6 21. Bd4 Bxd4 22. Nxd4 Rfe8 23. Kg1 Nc5 24. Bf3 Re5 25. Rfd1 Rae8 
26. Nb5 Rd8 27. b3 Kf8 28. Rd2 Ke7 29. Nd4 h5 30. Rad1 Rh8 31. Rf1 h4 
32. Rfd1 Bh5 33. Re2 Bg6 34. Rde1 Nd3 35. Rf1 Nc5 36. Rfe1 Nd3 37. Rf1 Ra8 
38. Bg4 Rxe2 39. Bxe2 Ne5 40. Kf2 a4 41. Ke3 axb3 42. axb3 Bh7 43. Rg1 Kf6 
44. g3 hxg3 45. Rxg3 Bg6 46. h4 Rh8 47. Rh3 Bh5 48. Rh1 Bxe2 49. Nxe2 g6 
50. Ng3 b6 51. Ke2 Rh7 52. Kf2 Rh8 53. Ke2 Rh7 54. Ke3 Rh8 55. h5 gxh5 
56. Ne4+ Ke7 57. Ng3 Kf6 58. Rxh5 Rxh5 59. Nxh5+ Kg5 60. Ng3 f5 61. Ne2 Ng4+ 
62. Kd4 f4 63. Ke4 Nf2+ 64. Kf3 Nd3 65. Nd4 Ne5+ 66. Ke4 Kg4 67. Nf5 f3 
68. Nxd6 Nf7 69. Nxf7 f2 70. Ne5+ Kh5 71. d6 f1=Q 72. d7 Qg2+ 73. Kf5 Qd2 
74. Ke4 Qg5 75. b4 b5 76. cxb5 Qd2 77. b6 Qxb4+ 78. Kd5 Qxb6 79. Nc6 Qc7 
80. d8=Q Qxd8+ 1/2-1/2

[Event "Friday Night Double Round Robin 3m+1s Starts at 2200hrs ST NO LATE JOINS POSS"]
[Site "Infinity Chess"]
[Date "2018.1.19"]
[Round "8"]
[White "xeonrocks"]
[Black "Deep SKY"]
[Result "1/2-1/2"]
[ECO "C53"]
[WhiteElo "2559"]
[BlackElo "2503"]
[WhiteEngine "asmFishW_CTG"]
[BlackEngine "BrainFish_180106_x64_CTG"]
[EventType "Round Robin"]
[WhiteTeam ""]
[BlackTeam ""]
[PlyCount "83"]
[TimeControl "180+1"]

1. e4 e5 2. Nf3 Nc6 3. Bc4 Bc5 4. c3 Nf6 5. d4 exd4 6. e5 d5 7. Bb5 Ne4 
8. cxd4 Bb6 9. O-O Bg4 10. a4 a5 11. Nc3 O-O 12. Bxc6 bxc6 13. h3 Bxf3 
14. Qxf3 Bxd4 15. Nxe4 dxe4 16. Qxe4 Re8 17. Qxc6 Rxe5 18. Bf4 Rc5 19. Qf3 Bxb2 
20. Rab1 Bf6 21. Rfd1 Qe8 22. Re1 Qc6 23. Qxc6 Rxc6 24. Rbc1 Rxc1 25. Rxc1 Re8 
26. Bxc7 Re4 27. Bxa5 g6 28. Rc8+ Kg7 29. g4 Rxa4 30. Rc5 Bd4 31. Rd5 Kf6 
32. Rxd4 Rxd4 33. Bc3 Ke5 34. Kg2 Ke4 35. f3+ Kd5 36. Bxd4 Kxd4 37. g5 Ke5 
38. Kg3 Kf5 39. h4 Ke5 40. Kg4 Kd5 41. h5 gxh5+ 42. Kxh5 1/2-1/2

[Event "Friday Night Double Round Robin 3m+1s Starts at 2200hrs ST NO LATE JOINS POSS"]
[Site "Infinity Chess"]
[Date "2018.1.19"]
[Round "8"]
[White "PAKtech"]
[Black "star99"]
[Result "1/2-1/2 "]
[ECO "B50"]
[WhiteElo "2445"]
[BlackElo "2467"]
[WhiteEngine "Raubfisch ME262_GTZ16b3._CTG"]
[BlackEngine "Cryptic AIL V1"]
[EventType "Round Robin"]
[WhiteTeam ""]
[BlackTeam ""]
[PlyCount "216"]
[TimeControl "180+1"]

1. e4 c5 2. Nf3 d6 3. Nc3 Nc6 4. d4 cxd4 5. Nxd4 Nf6 6. Bg5 e6 7. Qd2 Be7 
8. O-O-O O-O 9. Ndb5 Qa5 10. f4 Nxe4 11. Nxe4 Qxa2 12. Qc3 f6 13. Bc4 Qa1+ 
14. Kd2 Qa5 15. Bh4 d5 16. Qxa5 Nxa5 17. Ba2 dxe4 18. Nc7 Rb8 19. Nxe6 Bxe6 
20. Bxe6+ Kh8 21. f5 Rbd8+ 22. Ke3 b5 23. Kxe4 Bc5 24. b3 Bb6 25. Bd7 Rf7 
26. Bxb5 Rc8 27. Bg3 Rxc2 28. b4 Nc4 29. Rc1 Na3 30. Rxc2 Nxc2 31. Bd6 g6 
32. fxg6 hxg6 33. Rc1 Ne3 34. Rc8+ Kh7 35. g3 Kg7 36. Kd3 Ng4 37. Be8 Rb7 
38. Ke4 Nxh2 39. Bc6 Rf7 40. Be8 f5+ 41. Kd5 Rf6 42. Be5 Ng4 43. Bxf6+ Nxf6+ 
44. Ke5 Ng4+ 45. Ke6 Nf6 46. Ke5 Ng4+ 47. Kf4 Be3+ 48. Kf3 Bb6 49. Ba4 Ne5+ 
50. Kg2 Kf7 51. Bc2 Bd4 52. Rd8 Bb6 53. Rd5 Nc4 54. Kf3 Ke6 55. Rd1 Ne5+ 
56. Kg2 Nc6 57. b5 Ne5 58. Bb3+ Ke7 59. Bc2 Ng4 60. Re1+ Kf6 61. Bb3 Ne5 
62. Rd1 Ke7 63. Rd5 Bc7 64. Rc5 Kd6 65. Rc1 Bb6 66. Rc8 Kd7 67. Rf8 Ke7 
68. Ra8 Be3 69. Bd5 Kd6 70. Bf3 Ke7 71. Bd5 Kd6 72. Bb3 Ke7 73. Rc8 Bd4 
74. Ba2 Be3 75. Bb3 Kd7 76. Rh8 Ke7 77. Kf1 Bd4 78. Ke2 Bb6 79. Rg8 Bc5 
80. Bd5 Kd7 81. Ba2 Ke7 82. Bd5 Kd7 83. Kf1 Kd6 84. Bb3 Ke7 85. Ke2 Kd7 
86. Rh8 Ke7 87. Rh7+ Kf6 88. Rh8 Ke7 89. Rh1 Kd6 90. Rc1 Bd4 91. Rc8 Ke7 
92. Rg8 Bb6 93. Bc2 Bc5 94. Rc8 Bb6 95. Rg8 Kf6 96. Re8 Ng4 97. Rc8 Kg7 
98. Rc6 Nf6 99. Bd1 Ng4 100. Bc2 Nf6 101. Bb3 Ba5 102. Kf1 Bb6 103. Kg2 Ng4 
104. Rd6 Bc5 105. Rd7+ Kh6 106. b6 axb6 107. Rc7 Ne5 108. Rb7 Kg5 1/2-1/2

[Event "Friday Night Double Round Robin 3m+1s Starts at 2200hrs ST NO LATE JOINS POSS"]
[Site "Infinity Chess"]
[Date "2018.1.19"]
[Round "8"]
[White "tris77"]
[Black "KULLANI"]
[Result "1/2-1/2"]
[ECO "C77"]
[WhiteElo "2439"]
[BlackElo "2456"]
[WhiteEngine "Raubfisch X37b_CTG"]
[BlackEngine "BrainFish_180113_x64_CTG"]
[EventType "Round Robin"]
[WhiteTeam ""]
[BlackTeam ""]
[PlyCount "73"]
[TimeControl "180+1"]

1. e4 e5 2. Nf3 Nc6 3. Bb5 a6 4. Ba4 Nf6 5. O-O Be7 6. Re1 b5 7. Bb3 O-O 
8. c3 d5 9. exd5 Nxd5 10. Nxe5 Nxe5 11. Rxe5 c6 12. d4 Bd6 13. Re1 Qh4 
14. g3 Qh3 15. Be3 Be6 16. Qf3 a5 17. a4 Rab8 18. axb5 Rxb5 19. Bd1 Nb6 
20. Qg2 Qxg2+ 21. Kxg2 Rxb2 22. Nd2 Ra8 23. Bf3 Bf8 24. c4 Nxc4 25. Nxc4 Bxc4 
26. Bxc6 Rd8 27. Rec1 Ba2 28. Kg1 Be7 29. Bf4 Bf6 30. d5 Bd4 31. Bc7 Bxf2+ 
32. Kf1 Rf8 33. Be5 Rd2 34. Bf4 Rb2 35. Be5 Rd2 36. Bf4 Rb2 37. Be5 1/2-1/2

[Event "Friday Night Double Round Robin 3m+1s Starts at 2200hrs ST NO LATE JOINS POSS"]
[Site "Infinity Chess"]
[Date "2018.1.19"]
[Round "8"]
[White "OlivierEvan"]
[Black "Dovahkiin"]
[Result "0-1"]
[ECO "A13"]
[WhiteElo "2407"]
[BlackElo "2440"]
[WhiteEngine "Houdini 6"]
[BlackEngine "BrainFish_180113_x64_modern_CTG"]
[EventType "Round Robin"]
[WhiteTeam ""]
[BlackTeam ""]
[PlyCount "168"]
[TimeControl "180+1"]

1. c4 e6 2. d4 d5 3. Nc3 c6 4. Nf3 Nf6 5. e3 Nbd7 6. Qc2 Bd6 7. Bd3 O-O 
8. O-O dxc4 9. Bxc4 a6 10. Rd1 b5 11. Bd3 Qc7 12. Bd2 c5 13. Ne4 c4 
14. Nxd6 Qxd6 15. Be2 Bb7 16. b3 Bd5 17. Ba5 Rfc8 18. Qb2 Ne4 19. Rdc1 f5 
20. bxc4 Bxc4 21. Bd1 Bd5 22. Bb3 h6 23. h3 Kh7 24. Ne1 Bc4 25. Bc2 Nb6 
26. Nf3 Bd5 27. Bxb6 Qxb6 28. Ne5 b4 29. Nd7 Qb5 30. Bxe4 fxe4 31. Nc5 a5 
32. Qb1 Kh8 33. Rc2 e5 34. Qd1 exd4 35. exd4 a4 36. Rb2 Rcb8 37. Rab1 a3 
38. Re2 Qe8 39. Ra1 Qf7 40. Qc2 Rb6 41. Re3 Rg6 42. Nxe4 Qe6 43. Qe2 Rd8 
44. Qe1 Qc6 45. g4 Re6 46. Rc1 Qa8 47. f3 Bxe4 48. fxe4 Rxd4 49. e5 Qd8 
50. Qf2 Rd2 51. Re2 Rxe2 52. Qxe2 Qd4+ 53. Kg2 Rxe5 54. Rc8+ Kh7 55. Qc2+ Re4 
56. Rc6 Qb2 57. Kf3 Qxc2 58. Rxc2 Re1 59. Kf4 Rb1 60. Kf5 Rb2 61. Rc4 Rf2+ 
62. Ke5 Rxa2 63. Rxb4 Ra1 64. Re4 a2 65. Re2 h5 66. g5 h4 67. Ke6 Kg6 
68. Ke7 Kxg5 69. Ke6 Kh5 70. Ke7 g5 71. Ke8 g4 72. Re5+ Kg6 73. Re6+ Kg5 
74. Re2 gxh3 75. Re5+ Kf4 76. Re2 h2 77. Rxh2 Re1+ 78. Kd7 a1=Q 79. Rf2+ Ke5 
80. Kc6 Rc1+ 81. Kb5 Rb1+ 82. Rb2 Qxb2+ 83. Kc6 Qb7+ 84. Kc5 Rc1# 0-1

[Event "Friday Night Double Round Robin 3m+1s Starts at 2200hrs ST NO LATE JOINS POSS"]
[Site "Infinity Chess"]
[Date "2018.1.19"]
[Round "7"]
[White "KULLANI"]
[Black "Dovahkiin"]
[Result "1/2-1/2"]
[ECO "D30"]
[WhiteElo "2457"]
[BlackElo "2439"]
[WhiteEngine "BrainFish_180113_x64_CTG"]
[BlackEngine "BrainFish_180113_x64_modern_CTG"]
[EventType "Round Robin"]
[WhiteTeam ""]
[BlackTeam ""]
[PlyCount "269"]
[TimeControl "180+1"]

1. d4 d5 2. c4 e6 3. Nf3 Nf6 4. Nc3 c6 5. Bg5 h6 6. Bxf6 Qxf6 7. e3 Nd7 
8. Be2 g6 9. O-O Bg7 10. e4 dxe4 11. Nxe4 Qf4 12. Qc2 f5 13. Ned2 c5 14. g3 Qc7 
15. Nh4 Bxd4 16. Nxg6 Rg8 17. Nh4 Nf6 18. Ndf3 Rxg3+ 19. hxg3 Qxg3+ 20. Ng2 Ng4 
21. Qd2 Bxf2+ 22. Rxf2 Qxf2+ 23. Kh1 Bd7 24. Rf1 Qg3 25. Qe1 Qxe1 26. Nfxe1 Ne5 
27. Nf3 Ng4 28. Nfh4 Ne5 29. Kg1 Ke7 30. Nf4 Rg8+ 31. Kf2 Ng4+ 32. Ke1 Ne5 
33. Nf3 Nf7 34. Nd3 b6 35. Nde5 Nxe5 36. Nxe5 Be8 37. Rh1 Rh8 38. Bh5 Kf6 
39. Nd3 Bxh5 40. Rxh5 e5 41. Kf2 Rh7 42. b4 cxb4 43. Nxb4 Kg6 44. Rh1 Rc7 
45. Nd3 Kf6 46. Rxh6+ Kg5 47. Rh8 e4 48. Rg8+ Kf6 49. Nf4 Rxc4 50. Ke3 Ra4 
51. Rg6+ Kf7 52. Rc6 Rxa2 53. Nd5 Ke8 54. Rd6 b5 55. Kf4 Ra1 56. Rh6 Kd7 
57. Kxf5 e3 58. Nxe3 b4 59. Ke5 a5 60. Rd6+ Kc8 61. Rb6 Kc7 62. Nd5+ Kd7 
63. Rd6+ Ke8 64. Kd4 b3 65. Kc3 a4 66. Nb4 Rc1+ 67. Kb2 Rc4 68. Rb6 Kd7 
69. Ka3 Rd4 70. Rf6 Rd1 71. Rf2 Ra1+ 72. Kb2 Rd1 73. Rf5 Rd4 74. Ka3 Rd1 
75. Ra5 Rh1 76. Rd5+ Kc7 77. Rd2 Ra1+ 78. Kb2 Rh1 79. Nd5+ Kd6 80. Nc3+ Kc5 
81. Nxa4+ Kc4 82. Rf2 Rd1 83. Rh2 Rd8 84. Nc3 Rb8 85. Rh4+ Kd3 86. Nd5 Ke2 
87. Nc3+ Ke3 88. Re4+ Kf3 89. Rd4 Ke3 90. Rd1 Kf4 91. Rh1 Kg5 92. Rf1 Rd8 
93. Ne4+ Kg4 94. Kxb3 Rb8+ 95. Kc4 Rc8+ 96. Kd4 Rd8+ 97. Kc3 Rc8+ 98. Kb3 Rb8+ 
99. Kc4 Rc8+ 100. Kd3 Rb8 101. Rf2 Rd8+ 102. Kc3 Rc8+ 103. Kd2 Rc4 104. Ke3 Rc8 
105. Nf6+ Kg5 106. Ne4+ Kg4 107. Ra2 Rd8 108. Nf6+ Kf5 109. Ne4 Rd1 
110. Ra5+ Ke6 111. Rh5 Rd5 112. Rh2 Kf7 113. Rh6 Ke7 114. Kf4 Rd3 115. Rh7+ Kf8 
116. Nc5 Rc3 117. Ne6+ Kg8 118. Rg7+ Kh8 119. Rg2 Ra3 120. Rh2+ Kg8 121. Nd4 Kf7 
122. Rh8 Ra5 123. Rh7+ Kg6 124. Rh8 Rh5 125. Rg8+ Kf6 126. Ke4 Rh4+ 127. Kd3 Ke7 
128. Rg7+ Kd8 129. Rb7 Kc8 130. Rf7 Rh1 131. Rf6 Kc7 132. Kc4 Rg1 133. Rh6 Kb7 
134. Rh4 Rc1+ 135. Kd5 1/2-1/2

[Event "Friday Night Double Round Robin 3m+1s Starts at 2200hrs ST NO LATE JOINS POSS"]
[Site "Infinity Chess"]
[Date "2018.1.19"]
[Round "7"]
[White "star99"]
[Black "tris77"]
[Result "1/2-1/2"]
[ECO "E10"]
[WhiteElo "2468"]
[BlackElo "2438"]
[WhiteEngine "Cryptic AIL V1"]
[BlackEngine "Raubfisch X37b_CTG"]
[EventType "Round Robin"]
[WhiteTeam ""]
[BlackTeam ""]
[PlyCount "215"]
[TimeControl "180+1"]

1. d4 Nf6 2. c4 e6 3. Nf3 d5 4. Nc3 c6 5. Bg5 dxc4 6. a4 Bb4 7. e4 c5 
8. Bxc4 cxd4 9. Nxd4 O-O 10. O-O Nbd7 11. Qe2 Qa5 12. Ncb5 a6 13. Nc2 Ne5 
14. Bf4 Nfd7 15. Ba2 Be7 16. Nc3 Rd8 17. Be3 Nc6 18. f4 Rb8 19. Kh1 Qc7 
20. f5 Nde5 21. Bf4 Kh8 22. Ne3 Bd6 23. Rad1 Qe7 24. Qh5 f6 25. g4 Bc5 
26. Rxd8+ Qxd8 27. g5 fxg5 28. Bxg5 Be7 29. Bf4 exf5 30. exf5 Bd7 31. Ned5 Qf8 
32. Bb1 Qe8 33. Qe2 Bf6 34. Nxf6 gxf6 35. Be4 Qf7 36. Rd1 Re8 37. Bg3 Rf8 
38. Qd2 Be8 39. Qd6 Ne7 40. Bxe5 fxe5 41. Qxe5+ Qg7 42. Qxg7+ Kxg7 43. Bxb7 a5 
44. Ne4 Nxf5 45. b4 axb4 46. a5 Bh5 47. Rd3 Nh4 48. Nd2 Re8 49. Kg1 Re1+ 
50. Kf2 Ra1 51. Rh3 Ra2 52. Rxh4 Rxd2+ 53. Ke3 Re2+ 54. Kd3 Re5 55. a6 b3 
56. Rb4 Ra5 57. Rxb3 Ra2 58. Rb6 Be2+ 59. Kd4 Bxa6 60. Bxa6 Rxh2 61. Bd3 h5 
62. Ke5 Rf2 63. Rg6+ Kf7 64. Rh6 h4 65. Rxh4 Ke7 66. Be4 Re2 67. Rh7+ Ke8 
68. Ra7 Re1 69. Ra8+ Kd7 70. Rb8 Re2 71. Rb7+ Ke8 72. Rb6 Re1 73. Rc6 Ke7 
74. Rc4 Kd7 75. Rc2 Kd8 76. Rc3 Ke7 77. Rc7+ Kd8 78. Rc3 Ke7 79. Ra3 Rd1 
80. Ra4 Re1 81. Ra3 Rd1 82. Ra6 Re1 83. Ra8 Kd7 84. Rb8 Re2 85. Rb4 Re1 
86. Rb7+ Ke8 87. Rh7 Re3 88. Rh1 Re2 89. Rb1 Kd7 90. Rb8 Re1 91. Rb7+ Ke8 
92. Rc7 Re2 93. Rc1 Ke7 94. Rg1 Ke8 95. Rg3 Re1 96. Kd5 Ke7 97. Rg7+ Kf8 
98. Rc7 Re2 99. Rb7 Re3 100. Rb2 Re1 101. Rg2 Ke7 102. Rg7+ Kf6 103. Rg6+ Ke7 
104. Ke5 Re2 105. Rg1 Kf7 106. Rf1+ Ke8 107. Rg1 Kf7 108. Rg3 1/2-1/2

[Event "Friday Night Double Round Robin 3m+1s Starts at 2200hrs ST NO LATE JOINS POSS"]
[Site "Infinity Chess"]
[Date "2018.1.19"]
[Round "7"]
[White "Deep SKY"]
[Black "PAKtech"]
[Result "1/2-1/2"]
[ECO "C65"]
[WhiteElo "2505"]
[BlackElo "2443"]
[WhiteEngine "BrainFish_180106_x64_CTG"]
[BlackEngine "Raubfisch ME262_GTZ16b3._CTG"]
[EventType "Round Robin"]
[WhiteTeam ""]
[BlackTeam ""]
[PlyCount "90"]
[TimeControl "180+1"]

1. e4 e5 2. Nf3 Nc6 3. Bb5 Nf6 4. O-O Nxe4 5. d4 Nd6 6. Bxc6 dxc6 7. dxe5 Nf5 
8. Qxd8+ Kxd8 9. Nc3 Bd7 10. h3 b6 11. g4 Ne7 12. Ng5 Ke8 13. f4 h5 14. f5 hxg4 
15. hxg4 Rh4 16. Rf4 c5 17. Nf3 Rh8 18. Be3 Bc6 19. Kf2 Bxf3 20. Kxf3 Rh3+ 
21. Ke4 g6 22. Rf2 Rd8 23. Rd1 Rxd1 24. Nxd1 Rh4 25. f6 Nf5 26. Rg2 Nxe3 
27. Nxe3 Bh6 28. Nd5 c6 29. Ne7 Kd7 30. Rg3 Rh1 31. Ra3 Re1+ 32. Kf3 a5 
33. Rd3+ Kc7 34. Rd6 Rxe5 35. Rxc6+ Kb7 36. Rd6 Kc7 37. Rc6+ Kb7 38. Rd6 Kc7 
39. Rd1 Bg5 40. Nd5+ Kc6 41. c4 Re6 42. Ne7+ Kc7 43. Nd5+ Kc6 44. Ne7+ Kc7 
45. Nd5+ Kc6 1/2-1/2

[Event "Friday Night Double Round Robin 3m+1s Starts at 2200hrs ST NO LATE JOINS POSS"]
[Site "Infinity Chess"]
[Date "2018.1.19"]
[Round "7"]
[White "RonWeasley"]
[Black "Gilgamesch"]
[Result "1-0"]
[ECO "C53"]
[WhiteElo "2484"]
[BlackElo "2561"]
[WhiteEngine "BrainFish 130117_CTG"]
[BlackEngine "BrainFish_171005_x64_bmi2"]
[EventType "Round Robin"]
[WhiteTeam ""]
[BlackTeam ""]
[PlyCount "233"]
[TimeControl "180+1"]

1. e4 e5 2. Nf3 Nc6 3. Bc4 Bc5 4. c3 Nf6 5. d3 a5 6. Bg5 h6 7. Bh4 d6 8. O-O g5 
9. Bg3 O-O 10. Na3 Na7 11. Re1 Bxa3 12. bxa3 b5 13. Bb3 a4 14. Bc2 Nh5 
15. d4 Nxg3 16. hxg3 f6 17. Nh2 c5 18. dxe5 dxe5 19. Qh5 Kg7 20. Nf1 Be6 
21. Ne3 Qe8 22. Qf3 Rd8 23. Rad1 Qe7 24. Nf5+ Bxf5 25. exf5 Nc8 26. Qc6 Na7 
27. Qb6 Rb8 28. Qa6 Nc8 29. f4 gxf4 30. gxf4 Rb6 31. Qa5 Rd8 32. fxe5 Rxd1 
33. Bxd1 fxe5 34. Bg4 c4 35. f6+ Rxf6 36. Qxb5 Nb6 37. Rxe5 Qxa3 38. Re4 Qc1+ 
39. Kh2 Qa3 40. Qh5 Qd6+ 41. Kg1 a3 42. Qb5 Qc6 43. Qe5 Qd6 44. Qh5 Rg6 
45. Qb5 Kh8 46. Qe8+ Rg8 47. Qh5 Rg6 48. Rd4 Qf6 49. Qc5 Qg5 50. Qf8+ Rg8 
51. Qf3 Qe7 52. Re4 Qc5+ 53. Kh2 Nd5 54. Re6 Rf8 55. Qg3 Nf6 56. Bf3 Qa5 
57. Qf4 Qg5 58. Qxc4 Rd8 59. Qb4 Nh5 60. Qa4 Ng7 61. Re4 Nf5 62. Rg4 Qf6 
63. Qf4 Rg8 64. c4 Rg5 65. Rh4 Kg7 66. Rh3 Qd4 67. Qxd4+ Nxd4 68. Bd5 Nc2 
69. Be4 Nb4 70. Rxa3 Re5 71. Bf3 Rc5 72. Kg3 Nc2 73. Ra4 Ne3 74. Be2 h5 
75. Kf2 Nc2 76. Bd3 Nd4 77. Ra6 Re5 78. Rd6 Ne6 79. Be2 Nf4 80. Bf3 Ra5 
81. Ke3 Ng6 82. Rd2 Kf6 83. Kd4 h4 84. c5 Ra4+ 85. Kd5 Ra8 86. Rf2 Ke7 
87. Kc6 Rd8 88. Re2+ Kf6 89. Kb6 Ne7 90. c6 Rb8+ 91. Kc5 Rb1 92. Be4 Rc1+ 
93. Bc2 Ra1 94. a4 Ra3 95. c7 Nc8 96. Kc6 Rg3 97. a5 Kg7 98. Kd7 Na7 
99. Re7+ Kf6 100. Re6+ Kg5 101. Ra6 Kf4 102. Rxa7 Rg7+ 103. Kd6 Rg8 104. Rb7 Ra8 
105. Rb8 Ra6+ 106. Kd7 Ra7 107. Kc6 Rxc7+ 108. Kxc7 Kg3 109. Rg8+ Kf2 
110. a6 Ke2 111. a7 Kd2 112. Bf5 h3 113. a8=Q hxg2 114. Qf3 g1=Q 115. Rd8+ Qd4 
116. Rxd4+ Kc1 117. Qc3# 1-0

[Event "Friday Night Double Round Robin 3m+1s Starts at 2200hrs ST NO LATE JOINS POSS"]
[Site "Infinity Chess"]
[Date "2018.1.19"]
[Round "7"]
[White "BraveDevil"]
[Black "Victorious"]
[Result "1/2-1/2"]
[ECO "D31"]
[WhiteElo "2471"]
[BlackElo "2527"]
[WhiteEngine "Cryptic AIL V1"]
[BlackEngine "BugChess2.41_Release"]
[EventType "Round Robin"]
[WhiteTeam ""]
[BlackTeam ""]
[PlyCount "120"]
[TimeControl "180+1"]

1. d4 d5 2. c4 e6 3. Nc3 c6 4. e4 dxe4 5. Nxe4 Bb4+ 6. Bd2 Qxd4 7. Bxb4 Qxe4+ 
8. Be2 Na6 9. Ba5 Bd7 10. Nf3 Nf6 11. Qd6 Qf5 12. Ne5 Qxf2+ 13. Kxf2 Ne4+ 
14. Ke3 Nxd6 15. Rad1 Nf5+ 16. Kf2 Nc5 17. Rhe1 f6 18. Bh5+ g6 19. Nxg6 hxg6 
20. Bxg6+ Ke7 21. Bb4 b6 22. Bxf5 Rh4 23. Re4 Rxe4 24. Bxe4 Rh8 25. h3 Rh4 
26. Bd3 e5 27. b3 a5 28. Ba3 Be6 29. Re1 Rd4 30. Bc2 Kf7 31. Bxc5 bxc5 
32. Re3 a4 33. Ke1 axb3 34. axb3 Bd7 35. Ke2 Rh4 36. Kf2 Rd4 37. g4 Kg7 
38. Kf3 Rf4+ 39. Ke2 Rd4 40. Kf3 Rf4+ 41. Kg3 Rd4 42. Bb1 Be8 43. Be4 Bd7 
44. Bb1 Be8 45. Be4 Bd7 46. h4 f5 47. Bxf5 Bxf5 48. gxf5 Kf6 49. h5 Kxf5 
50. h6 Rd6 51. Rf3+ Kg5 52. h7 Rh6 53. Rf7 Kg6 54. Rc7 Rxh7 55. Rxc6+ Kf5 
56. Rxc5 Rb7 57. Rb5 Rxb5 58. cxb5 Ke6 59. b4 Kd7 60. b6 Kc6 1/2-1/2